 Dungeon Crawl Stone Soup version 0.29-a0-892-g2c4c91d9db (webtiles) character file.

Game seed: 3288231755544412109

9 zeratav the Stinger (level 2, 0/17 HPs)
             Began as an Octopode Venom Mage on July 22, 2022.
             Slain by an endoplasm (2 damage)
             ... on level 1 of the Dungeon.
             The game lasted 00:00:35 (232 turns).

zeratav the Stinger (Octopode Venom Mage)            Turns: 232, Time: 00:00:35

Health: 0/17       AC:  1    Str:  7    XL:     2   Next: 12%
Magic:  0/5        EV: 13    Int: 17    God:
Gold:   19         SH:  0    Dex: 12    Spells: 4/5 levels left

rFire   . . .      SeeInvis .   e - +0 short sword {short}
rCold   . . .      Faith    .   (no shield)
rNeg    . . .      Spirit   .   (helmet restricted)
rPois   .          Reflect  .   (no amulet)
rElec   .          Harm     .   (no ring)
rCorr   .          Rampage  .   (no ring)
Will    .....                   (no ring)
Stlth   +++.......              (no ring)
HPRegen 0.05/turn               (no ring)
MPRegen 0.09/turn               (no ring)
                                (no ring)
                                (no ring)

@: no status effects
A: almost no armour, amphibious, 8 rings, camouflage 1, gelatinous body 1,
(nimble swimmer 1), tentacles
a: no special abilities


You were on level 1 of the Dungeon.
You visited 1 branch of the dungeon, and saw 1 of its levels.

You collected 19 gold pieces.


Innate Abilities, Weirdness & Mutations

You cannot wear most types of armour.
You are amphibious.
You can wear up to eight rings at the same time.
Your skin changes colour to match your surroundings (Stealth+).
Your rubbery body absorbs attacks. (AC +1, EV +1)
((You are camouflaged when in or above water. (Stealth+)))
You have tentacles for arms and can constrict up to eight enemies at once.


   Skills:
 - Level 2.0 Dodging
 + Level 3.3 Stealth
 - Level 2.0 Spellcasting
 - Level 1.0 Transmutations
 + Level 4.0 Poison Magic


You had 4 spell levels left.
You knew the following spells:

 Your Spells              Type           Power      Damage    Failure   Level
a - Sting                 Tmut/Pois      40%        1d5       7%          1

Your spell library contained the following spells:

 Spells                   Type           Power      Damage    Failure   Level
 Poisonous Vapours        Pois/Air       16%        N/A       13%         2
 Mephitic Cloud           Conj/Pois/Air  6%         N/A       32%         3
 Olgreb's Toxic Radiance  Pois           15%        N/A       36%         4

Inventory:

Hand Weapons
 e - a +0 short sword (weapon) {short}
   (You found it on level 1 of the Dungeon)
Scrolls
 c - a scroll of fear {unknown}
 d - a scroll of summoning {unknown}
Potions
 a - a potion of magic
 b - a potion of might {unknown}

Dungeon Overview and Level Annotations

Branches:
Dungeon (1/15) Zot: 5767

Altars:

.......J.....# #.
........####.## #.
...###### #..#
###########. ... ##.#
#8#÷#8#<###. .. .. #.#
#.#+#.#'#8#( ... #.+
..........'. ...####.+
..........'. .......J#
#.#+#.#+#8#. ##.....@##
#8#÷#8#÷###.
#.......#############..
#.....................#
#......#########>######
#....†.............#
###..................#
#....................#
#....................#
#...###...##'##+######


You could see an endoplasm.


Message History

There is an open door here.
A bat comes into view.
A bat is nearby!
A bat is nearby!
A bat comes into view.
The helpless bat fails to defend itself.
You hit the bat.
You kill the bat!
Your Stealth skill increases to level 3!
A dart slug comes into view.
You see here a bat corpse.
A ball python comes into view.
The helpless bat fails to defend itself.
You puncture the bat!
You kill the bat!
The ball python hisses angrily.
You see here a bat corpse. 2 endoplasms come into view.
The endoplasm quivers.
The dart slug launches a dart at you. The slug dart hits you.
HP[-4]
You take 4 damage, and now have 7/11 hp.
MASSIVE DAMAGE!! (PAUSE)
You hit the ball python but do no damage.
You grab the ball python. You constrict the ball python.
The ball python bites you.
* * * LOW HITPOINT WARNING * * *
The ball python misses you.
HP[-2]
You take 2 damage, and now have 5/11 hp.
You are too injured to fight recklessly!
You are too injured to fight recklessly!
You are too injured to fight recklessly!
You are too injured to fight recklessly!
You are too injured to fight recklessly!
You are too injured to fight recklessly!
Casting: Sting (safe; 7% risk of failure)
Confirm with . or Enter, or press ? or * to list all spells.
Aiming: Sting (safe; 7% risk of failure)
Press: ? - help, Shift-Dir - straight line, f - ball python
Aim: a ball python (moderately wounded, constricted by you, 100% to hit)
The sting hits the ball python.
The ball python is poisoned.
You kill the ball python!
MP[-1]
You lost 1 mp, and now have 2/3 mp.
Casting: Sting (safe; 7% risk of failure)
Confirm with . or Enter, or press ? or * to list all spells.
Aiming: Sting (safe; 7% risk of failure)
Press: ? - help, Shift-Dir - straight line, f - dart slug
Aim: a dart slug (100% to hit)
The sting hits the dart slug.
The dart slug is poisoned.
The endoplasm quivers.
The dart slug launches a dart at you. The slug dart hits you.
* * * LOW HITPOINT WARNING * * *
HP[-4] MP[-1]
You take 4 damage, and now have 1/11 hp.
MASSIVE DAMAGE!! (PAUSE)
You lost 1 mp, and now have 1/3 mp.
Casting: Sting (safe; 7% risk of failure)
Confirm with . or Enter, or press ? or * to list all spells.
Aiming: Sting (safe; 7% risk of failure)
Press: ? - help, Shift-Dir - straight line, f/p - dart slug
Aim: a dart slug (heavily wounded, poisoned, 100% to hit)
The sting hits the dart slug.
The dart slug looks even sicker.
MP[-1]
You lost 1 mp, and now have 0/3 mp.
You kill the dart slug!
Your Poison Magic skill increases to level 4!
You have reached level 2!
You see here a bat corpse.
HP[+1]
You now have 17 max hp (+6).
There are no items here.
MP[+1]
Casting: Sting (safe; 7% risk of failure)
Confirm with . or Enter, or press ? or * to list all spells.
Aiming: Sting (safe; 7% risk of failure)
Press: ? - help, Shift-Dir - straight line, f - endoplasm
Aim: an endoplasm (98% to hit)
The sting hits the endoplasm but does no damage.
The endoplasm is poisoned.
MP[-1]
You lost 1 mp, and now have 0/5 mp.
You are too injured to fight recklessly!
You are too injured to fight recklessly!
You are too injured to fight recklessly!
You completely miss the endoplasm. The endoplasm closely misses you.
HP[+1]
You hit the endoplasm. The endoplasm freezes you.
You are frozen.
* * * LOW HITPOINT WARNING * * *
HP[-1]
You take 1 damage, and now have 2/17 hp.
You hit the endoplasm.
You kill the endoplasm!
The endoplasm hits you.
You die...

Skill      XL: |  1 |
---------------+----+-----
Stealth        | 3 |  3.3
Poison Magic   | 4 |  4.0
Dodging        | |  2.0
Spellcasting   | |  2.0
Transmutations | |  1.0

Action                   || total
-------------------------++-------
Melee: Short sword       ||     7
       Constrict         ||     2
       Club              ||     1
       Tentacles         ||     1
 Cast: Sting             ||     5
 Stab: Sleeping          ||     3
Dodge: Dodged            ||     2

Levels and vault maps discovered:
D:1:      wander_arrival_abandoned_jail, layout_basic,
          shapermc_ecumenical_altar_mp_vishouse

Notes
Turn   | Place    | Note
-------+----------+-------------------------------------------
     0 | D:1      | zeratav the Octopode Venom Mage began the quest for the
                  | Orb.
     0 | D:1      | Reached XP level 1. HP: 11/11 MP: 3/3
     0 | D:1      | magus.rc [v1.9.6]
   207 | D:1      | Reached skill level 3 in Stealth
   215 | D:1      | HP: 1/11 [dart slug/slug dart (4)]
   218 | D:1      | Reached skill level 4 in Poison Magic
   218 | D:1      | Reached XP level 2. HP: 2/17 MP: 0/5
   231 | D:1      | HP: 2/17 [frozen (1)]
   232 | D:1      | Slain by an endoplasm

Vanquished Creatures
  A dart slug (D:1)
  2 bats (D:1)
  An endoplasm (D:1)
  A hobgoblin (D:1)
  A ball python (D:1)
  2 rats (D:1)
8 creatures vanquished.

Table legend:
 A = Non-vault XP
 B = Vault XP
 C = Vault XP percentage of total XP
 D = Non-vault monster count
 E = Vault monster count
 F = Vault count percentage of total count
                 A         B        C        D         E       F
            +---------+---------+-------+---------+---------+-------
      Total |      15 |       0 |   0.0 |       8 |       0 |   0.0
            +---------+---------+-------+---------+---------+-------
        D:1 |      15 |       0 |   0.0 |       8 |       0 |   0.0
            +---------+---------+-------+---------+---------+-------

Illustrated notes

Table legend:
 A = Kills in this place as a percentage of kills in entire the game.
 B = Kills by you in this place as a percentage of kills by you in the entire game.
 C = Kills by friends in this place as a percentage of kills by friends in the entire game.
 D = Other kills in this place as a percentage of other kills in the entire game.
 E = Experience gained in this place as a percentage of experience gained in the entire game.
 F = Experience gained in this place divided by the number of levels of this place that you have seen.
                   A       B       C       D       E      F
               +-------+-------+-------+-------+-------+----------------------
         Total | 100.0 | 100.0 |   N/A |   N/A | 100.0 |  15.0
       Dungeon | 100.0 | 100.0 |   N/A |   N/A | 100.0 |  15.0
               +-------+-------+-------+-------+-------+----------------------

Table legend: (Time is in decaauts)
 A = Elapsed time spent in this place.
 B = Non-inter-level travel time spent in this place.
 C = Inter-level travel time spent in this place.
 D = Time resting spent in this place.
 E = Time spent auto-exploring this place.
 F = Levels seen in this place.
 G = Mean time per level.
                   A        B        C        D        E       F      G
               +--------+--------+--------+--------+--------+-----+--------+
         Total |    231 |    199 |     32 |      0 |    143 |   1 |  231.0 |
       Dungeon |    231 |    199 |     32 |      0 |    143 |   1 |  231.0 |
               +--------+--------+--------+--------+--------+-----+--------+

Top non-repeatable levels by time:
     D:1: 231 daAuts
